Cogmind - Beta 16.1 @@@ ROGUE MODE // 2026.03.17 @ 14:53:23 Player: ash Result: Self-destructed Performance ------------- Evolutions (4) 2000 Regions Visited (10) 2000 Robots Destroyed (67) 335 Value Destroyed (2110) 2110 Prototype IDs (4) 80 Alien Tech Used (0) 0 Bonus (910) 910 TOTAL SCORE: 7435 Bonus ------- Follower Combat Kills 448 Met Imprinter 300 Was Imprinted 300 Friendly Fire -138 Cogmind --------- Core Integrity 665/850 Matter 290/300 Energy 170/170 System Corruption 2% Temperature Cool (74) Movement Hovering (160) Ox1 Location -6/Factory Parts ------- > --- POWER (2) -------- Makeshift Power Source > --- PROPULSION (4) --- Improved Carbon-fiber Leg Combat Airjet > --- UTILITY (7) ------ Medium Storage Unit 0b10 Decoder Chip [Scout] Improved Melee Analysis Suite Core Analyzer Core Analyzer Advanced ECM Suite > --- WEAPON (2) ------- Makeshift Spear CR-A16's Pointy Stick > --- INVENTORY (10) --- VTOL Module Improved Signal Interpreter Improved Particle Charger Reaction Control System Reaction Control System System Guard Shock Rifle Gatling Laser Makeshift Spear Peak State ------------ > --- POWER ------------ Light Nuclear Core Makeshift Power Source > --- PROPULSION ------- Improved Carbon-fiber Leg Gravmag System Combat Airjet Makeshift Flight Unit > --- UTILITY ---------- Medium Storage Unit 0b10 Decoder Chip [Scout] Improved Melee Analysis Suite Core Analyzer Core Analyzer Advanced ECM Suite Hacking Suite > --- WEAPON ----------- Makeshift Spear CR-A16's Pointy Stick > --- INVENTORY -------- VTOL Module Improved Signal Interpreter Improved Particle Charger Reaction Control System Reaction Control System System Guard Shock Rifle Gatling Laser Makeshift Spear [Rating: 60] Favorites ----------- Power Makeshift Power Source Engine Makeshift Power Source Power Core Micro Nuclear Core Propulsion Improved Titanium Leg Treads Armored Treads Leg Improved Titanium Leg Wheel Compact Wheel Hover Unit Combat Airjet Flight Unit Makeshift Flight Unit Utility Medium Storage Unit Device Transmission Jammer Storage Medium Storage Unit Processor Core Analyzer Hackware Hacking Suite Protection Improved Medium Armor Plating Weapon Makeshift Spear Energy Gun Small Laser Energy Cannon Particle Cannon Ballistic Gun High-powered Shotgun Launcher Shock Bomb Launcher Impact Weapon Flail Slashing Weapon Scythe Piercing Weapon Makeshift Spear Build | -11 -10 -10 -9 -8 -7 -7 -7 -7 -6 -6 ------- Run | Yrd Mat Min Mat Mat Fac Low Low Zio Pro Fac Slots Evolved 8 | . . . 2 2 2 . . . . 2 Power 1 | . . . . . . . . . . 1 Propulsion 2 | . . . . 1 1 . . . . . Utility 5 | . . . 2 1 1 . . . . 1 Weapon . | . . . . . . . . . . . Parts Attached 92 | . . 3 18 17 7 9 17 6 1 14 Power 8 | . . . 2 1 2 . 1 . . 2 Engine 5 | . . . 1 1 1 . 1 . . 1 Core 3 | . . . 1 . 1 . . . . 1 Reactor . | . . . . . . . . . . . Propulsion 24 | . . 1 3 7 1 3 4 . 1 4 Treads 1 | . . . . 1 . . . . . . Leg 13 | . . 1 2 3 1 3 . . 1 2 Wheel 2 | . . . 1 1 . . . . . . Hover 4 | . . . . 2 . . . . . 2 Flight 4 | . . . . . . . 4 . . . Utility 34 | . . . 6 6 2 2 6 5 . 7 Device 10 | . . . 2 2 1 . . 2 . 3 Storage 4 | . . . 2 . . . 1 . . 1 Processor 10 | . . . 1 3 . . 2 2 . 2 Hackware 2 | . . . . . . . 1 . . 1 Protection 8 | . . . 1 1 1 2 2 1 . . Artifact . | . . . . . . . . . . . Weapon 26 | . . 2 7 3 2 4 6 1 . 1 Energy Gun 11 | . . . 7 . 1 1 2 . . . Energy Cannon 2 | . . . . . . . 2 . . . Ballistic Gun 5 | . . 1 . 3 . 1 . . . . Ballistic Cannon . | . . . . . . . . . . . Launcher 2 | . . 1 . . . 1 . . . . Special Weapon . | . . . . . . . . . . . Impact Weapon 1 | . . . . . 1 . . . . . Slashing Weapon 1 | . . . . . . 1 . . . . Piercing Weapon 4 | . . . . . . . 2 1 . 1 Special Melee Weapon . | . . . . . . . . . . . Unidentified Prototypes 4 | . . . 2 1 . . . 1 . . Parts Lost 35 | . . 1 6 3 . 9 4 . 5 7 Power 3 | . . . 1 . . 1 . . . 1 Propulsion 13 | . . . 3 . . 2 2 . 2 4 Utility 10 | . . . . 1 . 2 2 . 3 2 Weapon 9 | . . 1 2 2 . 4 . . . . Highest Loss Streak 6 | . . 1 3 1 . 6 2 . 4 4 To Critical Strikes . | . . . . . . . . . . . Average Backups 7 | . 6 7 7 9 9 9 7 5 4 7 Power . | . 1 1 . 1 1 . 1 1 1 . Propulsion 1 | . 4 4 1 . 2 3 2 1 . . Utility 3 | . . . . 4 4 4 3 2 2 3 Weapon 1 | . 1 2 4 3 2 . . 1 1 2 Tool/Special . | . . . . . . . . . . . Unused Backups 26 | . 6 . 5 3 1 1 2 2 . 6 Power 3 | . 1 . 1 1 . . . . . . Propulsion 8 | . 2 . 4 1 . . . 1 . . Utility 7 | . 1 . . . . 1 . 1 . 4 Weapon 8 | . 2 . . 1 1 . 2 . . 2 Tool/Special . | . . . . . . . . . . . Average Slot Usage (%) 91 | . 85 85 90 94 97 92 92 99 76 83 Engine 5 | . 14 14 6 3 6 2 1 7 7 6 Core 2 | . . . 4 5 . 4 5 . . . Leg 16 | . 28 28 21 4 30 29 15 . 6 5 Wheel 1 | . . . . 11 . . 3 . . . Flight 6 | . . . . . . . 6 30 16 10 Device 6 | . . . 6 7 8 13 5 2 . 3 Storage 7 | . 14 14 16 10 7 7 6 1 . 4 Processor 18 | . . . 8 24 18 15 16 28 24 25 Hackware 1 | . . . . . . . 1 3 . 4 Protection 6 | . . . 5 1 9 8 12 7 5 . Energy Gun 4 | . 28 26 20 1 4 1 1 . . . Ballistic Gun 4 | . . . 1 16 7 4 5 . . . Piercing Weapon 4 | . . . . . . . 2 15 15 13 Peak Build Rating 60 | . 6 8 18 36 44 42 47 51 45 60 Average Rating 34 | . 6 6 13 26 42 37 38 45 37 49 On Entrance 25 | 6 6 6 8 17 33 42 39 45 45 36 Avg Prop Armor Cover (%) 7 | . . . 6 9 . . 4 . 6 9 Naked Turns . | . . . . . . . . . . . Heaviest Build 39 | 12 12 14 34 34 34 35 39 18 14 27 Greatest Support 80 | 20 20 25 25 60 80 80 62 24 24 35 Greatest Overweight (x) 3 | . . . 3 3 . . 1 . . 2 Average Overweight (x) . | . . . . . . . . . . . Largest Inventory Capacity 10 | . 8 8 10 10 10 10 10 5 5 10 Average Capacity 8 | . 8 8 8 10 10 10 8 5 5 9 Most Carried 10 | . 7 8 10 10 10 10 9 5 5 10 Average Carried 7 | . 6 7 7 9 9 9 7 4 4 7 Final Capacity 10 | 8 8 8 10 10 10 10 5 5 5 10 Final Carried 10 | 6 7 8 9 10 10 9 5 5 5 9 Class Distribution -------------------- 51% | Mutant 29% | Derelict-Mutant 7% | Scavenger-Mutant 7% | Skirmisher 3% | Derelict-Gladiator Dominant Class ---------------- Mutant | -10/Materials Mutant | -10/Mines Mutant | -9/Materials Skirmisher | -8/Materials Mutant | -7/Factory Mutant | -7/Lower Caves Scavenger-Mutant | -7/Lower Caves Derelict-Mutant | -7/Zion Derelict-Mutant | -6/Proximity Caves Derelict-Mutant | -6/Factory Resources | -11 -10 -10 -9 -8 -7 -7 -7 -7 -6 -6 ----------- Run | Yrd Mat Min Mat Mat Fac Low Low Zio Pro Fac Matter Collected 1778 | 200 . . 209 301 71 429 353 45 69 101 Remotely 95 | . . . 95 . . . . . . . Salvage Created 2531 | . . 97 601 533 71 732 313 . 69 115 Parts 131 | . . 13 30 30 3 28 16 . 1 10 Haulers Intercepted 4 | . . . 2 2 . . . . . . Recyclers Shooed 1 | . . . . . 1 . . . . . Parts Field Recycled . | . . . . . . . . . . . Retrieved Matter . | . . . . . . . . . . . Parts Self-Destructed 50 | . . . . . . 29 13 . 8 . Prevented 17 | . . . . . . 10 . . 7 . Parts Restored . | . . . . . . . . . . . Kills | -11 -10 -10 -9 -8 -7 -7 -7 -7 -6 -6 ------- Run | Yrd Mat Min Mat Mat Fac Low Low Zio Pro Fac Combat Hostiles Destroyed 59 | . . 6 10 12 . 18 9 . 1 3 Melee 10 | . . . . . . . 6 . 1 3 Guns 37 | . . . 10 12 . 12 3 . . . AOE 7 | . . 6 . . . 1 . . . . Classes Destroyed 8 | . . 2 2 1 1 1 . . . 1 Worker 1 | . . . . . 1 . . . . . Hauler 4 | . . . 2 2 . . . . . . Recycler 2 | . . . . 1 1 . . . . . Swarmer 26 | . . 6 . 4 . 9 6 . . 1 Grunt 21 | . . . 5 6 . 6 3 . 1 . Duelist 1 | . . . . . . 1 . . . . Sentry 9 | . . . 5 2 . 2 . . . . Programmer 2 | . . . . . . . . . . 2 Thug 1 | . . 1 . . . . . . . . Best Kill Streak 6 | . . 6 3 6 2 5 3 . 1 1 Combat Bots Only 6 | . . 6 3 6 . 5 3 . 1 1 Max Kills in Single Turn 4 | . . 4 1 2 1 1 1 . 1 1 Gunslinging . | . . . . . . . . . . . Exploded 3 | . . 3 . . . 1 . . . . Melee 1 | . . . . . . . 1 . 1 1 Uniques/NPCs Destroyed . | . . . . . . . . . . . Combat | -11 -10 -10 -9 -8 -7 -7 -7 -7 -6 -6 -------- Run | Yrd Mat Min Mat Mat Fac Low Low Zio Pro Fac Hostile Shots Fired 590 | . . 7 135 87 . 190 71 . 14 86 Missed 175 | . . 3 38 24 . 55 22 . 4 29 Hits 415 | . . 4 97 63 . 135 49 . 10 57 Melee 12 | . . . . . . 5 4 . 3 . Projectile 403 | . . 4 97 63 . 130 45 . 7 57 Critical Strikes 11 | . . . 4 3 . 2 1 . . 1 Damage Taken 6419 | . . 106 1328 829 . 1907 785 . 715 749 Core 1068 | . . . 211 118 . 278 95 . 181 185 Absorbed by Shields . | . . . . . . . . . . . Regen/Repaired (Parts) 100 | . . . . . . . . 100 . . Core Remaining (%) 69 | 100 . 100 47 78 . . . . 20 . Volleys Fired 184 | . . 3 42 38 5 54 42 . . . Largest 2 | . . 1 2 2 1 1 2 . . . Hottest 101 | . . 30 101 50 25 40 96 . . . Shots Fired 264 | . . 3 84 76 5 54 42 . . . Gun 256 | . . . 84 76 5 50 41 . . . Cannon 1 | . . . . . . . 1 . . . Launcher 7 | . . 3 . . . 4 . . . . Special . | . . . . . . . . . . . Kinetic 151 | . . . . 76 5 29 41 . . . Thermal 71 | . . . 70 . . . 1 . . . Explosive 3 | . . 3 . . . . . . . . Electromagnetic 39 | . . . 14 . . 25 . . . . Robot Hit Streak 11 | . . 2 6 7 4 8 11 . . . Robot Miss Streak 4 | . . 1 2 4 2 2 2 . . . Penetration Max 1 | . . . . . . . 1 . . . Secondary Targets 6 | . . . 2 4 . . . . . . Max Gunslinging Chain 1 | . . . 1 1 . . . . . . Shots Hit Robots 237 | . . 2 64 64 4 49 43 . 4 7 Core Hits 117 | . . 12 25 34 2 26 14 . 2 2 Critical Kills 1 | . . . . . . . 1 . . . Critical Parts Destroyed 1 | . . . . . . 1 . . . . Critical Strikes 7 | . . . 1 . . 1 1 . 1 3 Burn 1 | . . . 1 . . . . . . . Destroy 1 | . . . . . . . 1 . . . Smash 1 | . . . . . . 1 . . . . Impale 4 | . . . . . . . . . 1 3 Melee Attacks 54 | . . . . . . 15 15 . 10 14 Impact 13 | . . . . . . 13 . . . . Slashing 2 | . . . . . . 2 . . . . Piercing 39 | . . . . . . . 15 . 10 14 Sneak Attacks . | . . . . . . . . . . . Combat Hostiles . | . . . . . . . . . . . Follow-up Attacks 9 | . . . . . . . 4 . 3 2 Damage Inflicted 4961 | . . 322 820 1229 88 1208 961 . 110 223 Guns 3533 | . . . 819 1229 88 688 709 . . . Cannons 20 | . . . . . . . 20 . . . Explosions 558 | . . 322 . . . 236 . . . . Melee 849 | . . . . . . 284 232 . 110 223 Ramming 1 | . . . 1 . . . . . . . Kinetic 2488 | . . . . 1229 88 462 709 . . . Thermal 663 | . . . 643 . . . 20 . . . Explosive 322 | . . 322 . . . . . . . . Electromagnetic 638 | . . . 176 . . 462 . . . . Impact 284 | . . . . . . 284 . . . . Slashing . | . . . . . . . . . . . Piercing 565 | . . . . . . . 232 . 110 223 Highest Corruption 16 | . . . . . . 2 2 2 16 2 Average Corruption 4 | . . . . . . 1 2 2 16 1 Corruption Purged . | . . . . . . . . . . . Corruption Blocked . | . . . . . . . . . . . Effects 42 | . . . . . . 8 11 . 20 3 Message Errors 14 | . . . . . . 3 5 . 5 1 Matter Fused 10 | . . . . . . 1 3 . 6 . Heat Flow Errors 4 | . . . . . . 1 . . 2 1 Energy Discharges 5 | . . . . . . 2 1 . 1 1 Data Loss (minor) 5 | . . . . . . 1 1 . 3 . Data Loss (major) 2 | . . . . . . . . . 2 . Alerts 1 | . . . . . . . . . 1 . Weapon Failures 1 | . . . . . . . 1 . . . Overload Shots . | . . . . . . . . . . . Overflow Damage 151 | . . 5 . . . 119 1 . . 26 Projectiles . | . . . . . . . . . . . Explosions 5 | . . 5 . . . . . . . . Melee 146 | . . . . . . 119 1 . . 26 Knockbacks 1 | . . . . . . 1 . . . . Impact 1 | . . . . . . 1 . . . . Kinetic . | . . . . . . . . . . . Secondary . | . . . . . . . . . . . Self-Inflicted Damage 161 | . . 77 . . . 84 . . . . Shots 7 | . . 3 . . . 4 . . . . Rammed . | . . . . . . . . . . . Targets Rammed 1 | . . . 1 . . . . . . . Kicked 1 | . . . 1 . . . . . . . Crushed . | . . . . . . . . . . . Highest Temperature 308 | . . . 308 36 . 197 30 . 239 248 Average Temperature 77 | . . . 100 15 . 42 5 . 113 155 Received Heat Transfer 1938 | . . . 597 414 . 471 360 . 36 60 Effects 2 | . . . 1 . . . . . 1 . Energy Bleed 2 | . . . 1 . . . . . 1 . Siege Activations . | . . . . . . . . . . . Martial Activations . | . . . . . . . . . . . Shielding Activations . | . . . . . . . . . . . Robots Disrupted . | . . . . . . . . . . . Combat Hostiles . | . . . . . . . . . . . Robots Corrupted 5 | . . . . . . 5 . . . . Combat Hostiles 5 | . . . . . . 5 . . . . Parts Fried 4 | . . . . . . 4 . . . . Impact Corruptions 4 | . . . . . . 4 . . . . Robots Melted . | . . . . . . . . . . . Combat Hostiles . | . . . . . . . . . . . Parts Melted 6 | . . . 6 . . . . . . . Heat Transferred 1580 | . . . 1543 . . . 37 . . . Parts Sabotaged . | . . . . . . . . . . . Parts Stolen 2 | . . . . . . . 2 . . . Parts Stripped . | . . . . . . . . . . . Power Chain Reactions . | . . . . . . . . . . . Alert | -11 -10 -10 -9 -8 -7 -7 -7 -7 -6 -6 ------- Run | Yrd Mat Min Mat Mat Fac Low Low Zio Pro Fac Maximum Alert Level . | . . . . . . . . . . . Low Security (%) 100 | . 100 100 100 100 100 . . . . 100 Level 1 . | . . . . . . . . . . . Level 2 . | . . . . . . . . . . . Level 3 . | . . . . . . . . . . . Level 4 . | . . . . . . . . . . . Level 5 . | . . . . . . . . . . . High Security . | . . . . . . . . . . . Max Security . | . . . . . . . . . . . Peak Influence 187 | . . 144 112 123 44 . . . . 187 Initial 57 | . . . 52 1 44 . . . . 57 Average 39 | . . 17 46 41 3 . . . . 81 Influence Increases 2238 | . . 164 304 329 26 425 285 . 348 357 Destroy 0b10 Robot/C 1520 | . . 120 200 240 . 360 180 . 220 200 Destroy 0b10 Robot/NC 40 | . . . 10 15 10 . . . . 5 Destroy Leader 270 | . . 20 64 54 . 20 30 . 30 52 Allied During Kill 144 | . . 3 . . . . . . 98 43 Successful Hack 43 | . . . . 3 16 . . . . 24 Disable Machine 15 | . . . . . . . . . . 15 Destroy Structure 26 | . . 21 . 2 . . . . . 3 Lose Combat Pursuer 180 | . . . 30 15 . 45 75 . . 15 Influence Decreases 2179 | . . 30 433 235 125 394 161 155 256 390 Entered New Map 338 | . . . 82 4 55 . 7 155 . 35 Time Decay 1454 | . . 20 294 201 70 304 114 . 206 245 Lost Part 347 | . . 10 57 30 . 90 40 . 50 70 Lost Ally 40 | . . . . . . . . . . 40 Squads Dispatched 8 | . . . 2 1 3 . . . . 2 Investigation 2 | . . . . 1 . . . . . 1 Extermination 2 | . . . . . 1 . . . . 1 Reinforcement 4 | . . . 2 . 2 . . . . . Assault . | . . . . . . . . . . . Garrison . | . . . . . . . . . . . Intercept . | . . . . . . . . . . . Searches Triggered . | . . . . . . . . . . . Construction Impeded . | . . . . . . . . . . . Haulers Reinforced . | . . . . . . . . . . . Active Scanning Responses . | . . . . . . . . . . . Cargo Convoy Interrupts . | . . . . . . . . . . . Stealth | -11 -10 -10 -9 -8 -7 -7 -7 -7 -6 -6 --------- Run | Yrd Mat Min Mat Mat Fac Low Low Zio Pro Fac Distress Signals 8 | . . . . 4 . . . . . 4 Communications Jammed . | . . . . . . . . . . . Distress Signals . | . . . . . . . . . . . Times Spotted 122 | . . 6 19 26 1 23 16 . 10 21 Peak Tracking Total 8 | . . 5 5 6 1 8 3 . 4 7 Tactical Retreats 10 | . . . 1 1 . 2 2 . . 4 ECM-based Alert Blocks 11 | . . . . . . . . . . 11 Traps | -11 -10 -10 -9 -8 -7 -7 -7 -7 -6 -6 ------- Run | Yrd Mat Min Mat Mat Fac Low Low Zio Pro Fac Traps Triggered 1 | . . . . 1 . . . . . . Indirectly . | . . . . . . . . . . . Trap Hack Attempts . | . . . . . . . . . . . Triggered . | . . . . . . . . . . . Disarmed . | . . . . . . . . . . . Reprogrammed . | . . . . . . . . . . . Reused . | . . . . . . . . . . . Traps Extracted . | . . . . . . . . . . . Installed . | . . . . . . . . . . . Triggered . | . . . . . . . . . . . Machines | -11 -10 -10 -9 -8 -7 -7 -7 -7 -6 -6 ---------- Run | Yrd Mat Min Mat Mat Fac Low Low Zio Pro Fac Machines Disabled 1 | . . . . . . . . . . 1 Max in Single Turn . | . . . . . . . . . . . Garrison Access 2 | . . . . . 1 . . . . 1 Machines Repaired . | . . . . . . . . . . . Machines Dismantled . | . . . . . . . . . . . Machines Sabotaged . | . . . . . . . . . . . Overloaded Fab Kills . | . . . . . . . . . . . Hacking | -11 -10 -10 -9 -8 -7 -7 -7 -7 -6 -6 --------- Run | Yrd Mat Min Mat Mat Fac Low Low Zio Pro Fac Machines Accessed 19 | . 1 . 3 3 4 1 1 1 . 5 Terminals 10 | . 1 . 2 3 2 . . . . 2 Fabricators 1 | . . . . . . . . . . 1 Repair Stations . | . . . . . . . . . . . Recycling Units 2 | . . . . . 1 . . . . 1 Scanalyzers 1 | . . . 1 . . . . . . . Garrison Access 2 | . . . . . 1 . . . . 1 Total Hacks 44 | . 2 . 6 9 12 1 1 5 . 8 Successful 27 | . 1 . 3 3 8 1 1 5 . 5 Failed 17 | . 1 . 3 6 4 . . . . 3 Catastrophic 3 | . . . 1 . 1 . . . . 1 Database Lockouts . | . . . . . . . . . . . Manual 24 | . 2 . 3 8 5 . . 2 . 4 Terminals 22 | . 2 . 5 9 4 . . . . 2 Fabricators 2 | . . . . . . . . . . 2 Repair Stations . | . . . . . . . . . . . Recycling Units 9 | . . . . . 7 . . . . 2 Scanalyzers 1 | . . . 1 . . . . . . . Garrison Access 3 | . . . . . 1 . . . . 2 Terminal Hacks 11 | . . . . 1 1 1 1 5 . 2 Part Schematic 5 | . . . . . . . . 5 . . Open Door 2 | . . . . . . 1 1 . . . Open DSF 2 | . . . . . . . . . . 2 Locate Traps 2 | . . . . 1 1 . . . . . Fabricator Hacks 1 | . . . . . . . . . . 1 Load Schematic 1 | . . . . . . . . . . 1 Repair Station Hacks . | . . . . . . . . . . . Recycling Unit Hacks 3 | . . . . . 3 . . . . . Report Inventory 1 | . . . . . 1 . . . . . Retrieve Matter 1 | . . . . . 1 . . . . . Retrieve Components 1 | . . . . . 1 . . . . . Scanalyzer 1 | . . . 1 . . . . . . . Retrieve Study 1 | . . . 1 . . . . . . . Garrison Access Hacks 2 | . . . . . 1 . . . . 1 Seal Access 2 | . . . . . 1 . . . . 1 Unauthorized Hacks 9 | . 1 . 2 2 3 . . . . 1 Terminals 6 | . 1 . 2 2 1 . . . . . Track 3 | . . . 1 2 . . . . . . Botnet 3 | . 1 . 1 . 1 . . . . . Fabricators . | . . . . . . . . . . . Repair Stations . | . . . . . . . . . . . Recycling Units 3 | . . . . . 2 . . . . 1 Monitor 1 | . . . . . 1 . . . . . Recyclers 2 | . . . . . 1 . . . . 1 Scanalyzers . | . . . . . . . . . . . Garrison Access . | . . . . . . . . . . . Data Cores Recovered . | . . . . . . . . . . . Used . | . . . . . . . . . . . Hacking Detections 12 | . 1 . 2 3 3 . . . . 3 Full Trace Events . | . . . . . . . . . . . Feedback Events . | . . . . . . . . . . . Feedback Blocked . | . . . . . . . . . . . Robot Schematics Acquired 3 | . . . . . . . . 3 . . Robots Built . | . . . . . . . . . . . Authchips . | . . . . . . . . . . . Time . | . . . . . . . . . . . Total Robot Build Rating . | . . . . . . . . . . . Part Schematics Acquired 19 | . . . . . . . . 19 . . Parts Built . | . . . . . . . . . . . Authchips . | . . . . . . . . . . . Time . | . . . . . . . . . . . Total Part Build Rating . | . . . . . . . . . . . Part Studies Acquired . | . . . . . . . . . . . Parts Repaired . | . . . . . . . . . . . Time . | . . . . . . . . . . . Parts Recycled . | . . . . . . . . . . . Recycled Matter . | . . . . . . . . . . . Retrieved Matter . | . . . . . . . . . . . Retrieved Components 1 | . . . . . 1 . . . . . Parts Scanalyzed . | . . . . . . . . . . . Part Schematics Acquired . | . . . . . . . . . . . Parts Damaged . | . . . . . . . . . . . Bothacking | -11 -10 -10 -9 -8 -7 -7 -7 -7 -6 -6 ------------ Run | Yrd Mat Min Mat Mat Fac Low Low Zio Pro Fac Used RIF Installer . | . . . . . . . . . . . Robots Hacked . | . . . . . . . . . . . Non-combat . | . . . . . . . . . . . Combat . | . . . . . . . . . . . Robot Hacks Applied . | . . . . . . . . . . . Relay Couplers Released . | . . . . . . . . . . . Fabnet Peak Effective % . | . . . . . . . . . . . Robots Rewired . | . . . . . . . . . . . Allies Hacked 1 | . . . . . . . . . . 1 Hacks Repelled . | . . . . . . . . . . . Allies | -11 -10 -10 -9 -8 -7 -7 -7 -7 -6 -6 -------- Run | Yrd Mat Min Mat Mat Fac Low Low Zio Pro Fac Total Allies 5 | . . 1 . . . . . 4 . . Largest Group 4 | . . 1 . . . . . 4 4 3 Highest-Rated Group 159 | . . 31 . . . . . 159 159 119 Highest-Rated Ally 41 | . . 31 . . . . . 41 41 41 Total Orders . | . . . . . . . . . . . Ally Attacks 57 | . . 1 . . . . . . 26 30 Total Damage 1799 | . . . . . . . . . 1093 706 Kills 20 | . . . . . . . . . 11 9 Allies Corrupted 1 | . . . . . . . . . . 1 Allies Melted . | . . . . . . . . . . . Intel | -11 -10 -10 -9 -8 -7 -7 -7 -7 -6 -6 ------- Run | Yrd Mat Min Mat Mat Fac Low Low Zio Pro Fac Active Infowar (turns) 5368 | . . . 530 576 697 971 966 548 428 652 Optics 4305 | . . . 526 576 697 971 966 548 21 . Terrain 644 | . . . 212 432 . . . . . . Seismic 1188 | . . . . 42 366 780 . . . . Decoding 1259 | . . . . . . . . 179 428 652 Jamming 187 | . . . . . 187 . . . . . ECM 65 | . . . . . . . . . . 65 Robot Analysis Total . | . . . . . . . . . . . Derelict Logs Recovered 9 | . . 1 . . . 3 2 1 2 . Drone Launches . | . . . . . . . . . . . Drone Recoveries . | . . . . . . . . . . . Decoded 0b10 Intel 22 | . . . . . . . . . . 22 Traps 11 | . . . . . . . . . . 11 Emergency Access 5 | . . . . . . . . . . 5 Patrols 1 | . . . . . . . . . . 1 Guards 5 | . . . . . . . . . . 5 Exploration | -11 -10 -10 -9 -8 -7 -7 -7 -7 -6 -6 ------------- Run | Yrd Mat Min Mat Mat Fac Low Low Zio Pro Fac Turns Passed 5789 | . 116 160 675 576 697 971 966 548 428 652 Spaces Moved 4645 | 1 92 124 314 370 479 660 797 1091 292 425 Core . | . . . . . . . . . . . Treads . | . . . . . . . . . . . Legs 2552 | 1 92 124 307 8 479 660 374 . 275 232 Wheels 333 | . . . 7 326 . . . . . . Hover 229 | . . . . 36 . . . . . 193 Flight 1531 | . . . . . . . 423 1091 17 . Fastest Speed 36 | 120 120 120 110 90 130 116 36 36 36 76 Average Speed 100 | 120 120 120 149 101 130 121 101 36 133 130 Slowest Speed 260 | 120 120 120 260 200 130 130 195 36 140 230 Overloaded Moves . | . . . . . . . . . . . Propulsion Burnouts . | . . . . . . . . . . . Robots Hopped . | . . . . . . . . . . . Potential Cave-ins . | . . . . . . . . . . . Cave-ins Triggered 1 | . . . . . . . . . 1 . Exploration Rate (%) 44 | 2 20 27 32 52 16 89 93 89 51 13 Regions Visited 10 Branch Regions 5 Pre-discovered Areas 5 | . . 1 . . . 2 . 2 . . Known Exits Taken 1 | . . . . . . . . . 1 . Unknown Exits Taken 9 | 1 1 1 1 1 1 1 1 1 . . Scrap Searched 11 | . . 1 . . . 2 4 2 2 . Spaces Dug . | . . . . . . . . . . . Terrain Destroyed 32 | . . 31 . . . . 1 . . . Melee . | . . . . . . . . . . . Projectile 1 | . . . . . . . 1 . . . AOE 31 | . . 31 . . . . . . . . Terrain Rammed . | . . . . . . . . . . . Walls Destroyed . | . . . . . . . . . . . Machines Disabled . | . . . . . . . . . . . Actions | -11 -10 -10 -9 -8 -7 -7 -7 -7 -6 -6 --------- Run | Yrd Mat Min Mat Mat Fac Low Low Zio Pro Fac Total 5419 | . 97 130 437 495 548 754 901 1246 314 497 Wait 341 | . 5 . 37 44 49 5 12 140 13 36 Move 4635 | . 91 123 313 369 478 659 796 1090 291 425 Hop . | . . . . . . . . . . . Pick Up 42 | . 1 1 7 9 3 7 5 2 1 6 Fast Attach 57 | . . 1 10 12 4 4 11 6 1 8 Attach 26 | . . . 5 2 2 7 6 . . 4 Detach 19 | . . . 6 2 1 1 5 2 . 2 Swap 16 | . . 2 6 3 2 . 1 . . 2 Drop 52 | . . . 10 16 4 2 12 6 1 1 Fire 184 | . . 3 42 38 5 54 42 . . . Melee 45 | . . . . . . 15 11 . 7 12 Ram . | . . . . . . . . . . . Kick 1 | . . . 1 . . . . . . . Crush . | . . . . . . . . . . . Escape Stasis . | . . . . . . . . . . . Rewire 1 | . . . . . . . . . . 1 Trap . | . . . . . . . . . . . Miscellaneous . | . . . . . . . . . . . Route ------- -11/Scrapyard -10/Materials -10/Mines -9/Materials (discovered 2 exits: *Mat / [*Min]) -8/Materials -7/Factory -7/Lower Caves -7/Lower Caves (discovered 2 exits: *Fac / *Zio) -7/Zion -6/Proximity Caves -6/Factory (discovered 1 exit: [*Fac]) History --------- Turn | Location | Event 1 | -11/Scrapyard | Discovered new exit (range 0) 1 | -11/Scrapyard | Entered Materials 106 | -10/Materials | Discovered new exit (range 7) 117 | -10/Materials | Entered Mines 128 | -10/Mines | Met a Derelict bent on vengeance 163 | -10/Mines | Learned location of Zion (-7) 196 | -10/Mines | Received a Mining Laser from a helpful Derelict 272 | -10/Mines | Discovered new exit (range 5) 277 | -10/Mines | Entered Materials 277 | -9/Materials | Evolved 2 slots: Utility x2 283 | -9/Materials | Discovered new exit (range 13) 320 | -9/Materials | Build established: Mutant 602 | -9/Materials | Lost 3 parts (1p1n1w) 894 | -9/Materials | Discovered new exit (range 17) 943 | -9/Materials | Core integrity fell below 50% 952 | -9/Materials | Entered another Materials area 952 | -8/Materials | Evolved 2 slots: Propulsion x1, Utility x1 1375 | -8/Materials | Build established: Skirmisher 1484 | -8/Materials | Discovered new exit (range 14) 1528 | -8/Materials | Entered Factory 1528 | -7/Factory | Evolved 2 slots: Propulsion x1, Utility x1 1592 | -7/Factory | Discovered new exit (range 4) 1807 | -7/Factory | Build established: Mutant 2225 | -7/Factory | Entered Lower Caves 2429 | -7/Lower Caves | Attracted the attention of an 0b10 checkpoint 2560 | -7/Lower Caves | Attracted the attention of an 0b10 outpost 2565 | -7/Lower Caves | Learned Factory security intel 2642 | -7/Lower Caves | Lost 6 parts (1p2n1u2w) 2818 | -7/Lower Caves | Spotted B-75 Beast 3055 | -7/Lower Caves | Discovered new exit (range 15) 3196 | -7/Lower Caves | Entered another Lower Caves area 3258 | -7/Lower Caves | Encountered a Warlord checkpoint 3278 | -7/Lower Caves | Learned Factory garrison access intel 3345 | -7/Lower Caves | Discovered new exit (range 10) 3415 | -7/Lower Caves | Learned Factory interactive machine intel 3702 | -7/Lower Caves | Build established: Scavenger-Mutant 3897 | -7/Lower Caves | Core integrity fell below 50% 4083 | -7/Lower Caves | Discovered new exit (range 9) 4162 | -7/Lower Caves | Entered Zion 4177 | -7/Zion | System corruption cleaned by Quarantine Array 4181 | -7/Zion | Build established: Derelict-Mutant 4230 | -7/Zion | Visited the Megawrench Repair Shop 4230 | -7/Zion | Megawrench repaired 7 parts 4237 | -7/Zion | Learned location of Warlord (-4) 4243 | -7/Zion | Learned location of 1 exit from Proximity Caves 4306 | -7/Zion | Given the Hacking Drone Bay 4306 | -7/Zion | Found Prototype Device 4306 | -7/Zion | Identified Hacking Drone Bay 4424 | -7/Zion | Met Imprinter 4430 | -7/Zion | Imprinted 4432 | -7/Zion | Declared Zion's savior 4523 | -7/Zion | Discovered new exit (range 13) 4548 | -7/Zion | Found CR-A16's Pointy Stick 4710 | -7/Zion | Entered Proximity Caves 4710 | -6/Proximity Caves | Accompanied by 4 allies 4711 | -6/Proximity Caves | Identified exit to Factory 4731 | -6/Proximity Caves | Crushed by falling debris 4731 | -6/Proximity Caves | System corruption reached 10% 4762 | -6/Proximity Caves | Lost 4 parts (2n2u) 4961 | -6/Proximity Caves | Learned Factory garrison access intel 5138 | -6/Proximity Caves | Entered Factory 5138 | -6/Factory | Accompanied by 3 allies 5138 | -6/Factory | Evolved 2 slots: Power x1, Utility x1 5140 | -6/Factory | Loaded intel: 54 interactive machine locations 5141 | -6/Factory | Loaded intel: 4 garrison access locations 5362 | -6/Factory | Identified exit to DSF 5701 | -6/Factory | Discovered new exit (range 8) 5790 | -6/Factory | Self-destructed Last Messages --------------- 05751_ >> DECODED: Heavy Explosive Trap location. 05751_ Mak. Flight Unit destroyed. 05761_ U-05 Engineer works on Subcomponent Replicator. 05765_ K-01 Serf collects debris. 05766_ U-05 Engineer works on Subcomponent Replicator. 05768_ K-01 Serf cleans the Assembly Bed. 05771_ Gravmag System destroyed. 05772_ K-01 Serf collects debris. 05777_ U-05 Engineer works on Subcomponent Replicator. 05777_ Hacking Suite destroyed. 05778_ K-01 Serf collects debris. 05778_ U-05 Engineer works on Subcomponent Replicator. 05779_ System corrupted: Heat flow error (+268). 05781_ >> DECODED: Emergency access location. 05785_ K-01 Serf collects debris. 05787_ Destroyed VTOL Module. 05787_ CR-A16's Pointy Stick follow-up attack on S-27 Virus. 05787_ S-27 Virus suffers critical hit (Impale). 05787_ S-27 Virus destroyed. 05790_ Lgt. Nuclear Core destroyed. Map ----- +----------------------------------------------------+ | ???????????????????????????? ## # | | ??????????????????????????????#########+### ###### | | ??????????????????????????????????????????#+###### | | ??????????????????????????????????????????# """ # | | ??????????????????????????????????????????# """ # | | ??????????????????????????????????????????# """ # | | ?????????????????????? ?? ????????????????# # | | ?????????????????????+ ???????????????# # | | ?????????????????????# ???????????????# # | | ?????????????????????# ???????????????#####+## | | ?????????????????????# ################### # | | ?????????????????????# " | | ??????????????+??????# ########### # | | ?????????????????????# R """" #?????????## ## | | ??????????????+??????# """" #??????????# #? | | ?????????????? ??????# ""< """" #??????????# #? | | ?????????????# ?????# ""< """" #??????????# #? | | ?????????????? ????# <<< """" #??????????# #? | | ??????????????? ??## w"""" #??????????? #? | | ???????????????? ?# #######+#??? ? | | ?????????????????? # "" "" ?? ? | | ??????????????????? + "F "" ? | | ????????????????????# s""""" ? | | ????????????????????# s Y #######+## ??? | | ????????????????????# %R #?????????????? | | ????????????????????# @## ####?????????????? | | ????????????????????# ## #????????????????? | | ????????????????????# ## #????????????????? | | ????????????????????# ## ^ #????????????????? | | ????????????????????# ## #????????????????? | | ????????????????????# ## #????????????????? | | ????????????????????# ## ^ #????????????????? | | ????????????????????# ## #????????????????? | | ????????????????????# ## #????????????????? | | ????????????????????# ?# #????????????????? | | ????????????????????# ?# #????????????????? | | ????????????????????# ?? #????????????????? | | ????????????????????# ?? #????????????????? | | ????????????????????# ?? #????????????????? | | ????????????????????? ?? ??????????????????? | | ??????????????????????? ???????????????????????? | | ?????????????????????????????????????????????????? | | ?????????????????????????????????????????????????? | | ?????????????????????????????????????????????????? | | ?????????????????????????????????????????????????? | | ?????????????????????????????????????????????????? | | ?????????????????????????????????????????????????? | | ?????????????????????????????????????????????????? | | ?????????????????????????????????????????????????? | | ?????????????????????????????????????????????????? | +----------------------------------------------------+ Best States ------------- Heat Dissipation 37 Energy Generation 24 Energy Capacity 450 Matter Stores 300 Matter Capacity 300 Sight Range 20 Terrain Scan Range 16 Terrain Scan Density 110 ECM Strength 2 Jamming Range 12 Armor Coverage 450 Weapon Shielding 33 Evasion (%) 63 Targeting Accuracy 8 Melee Accuracy 6 Core Analysis 9 Recoil Reduction 1 Offensive Hacking 11 Item Schematics ----------------- Battle Cannon | -7/Zion | Free Flamer | -7/Zion | Free Beamcaster | -7/Zion | Free Hvy. Beamcaster | -7/Zion | Free Bore Cannon | -7/Zion | Free Imp. EM Pulse Cannon | -7/Zion | Archive Lgt. Fission Core | -7/Zion | Archive Corruption Screen | -7/Zion | Archive Arm. Leg | -7/Zion | Archive Component Analysis Suite | -7/Zion | Archive Lrn. Proton Cannon | -7/Zion | Archive Imp. Kinecellerator | -7/Zion | Archive Gravmag System | -7/Zion | Archive Imp. Reaction Control System | -7/Zion | Archive Hvy. Ion Cannon | -7/Zion | Archive Adv. Signal Interpreter | -7/Zion | Archive Fusion Compressor | -7/Zion | Archive Imp. Carbon-fiber Leg | -7/Zion | Archive Hvy. Machine Gun | -7/Zion | Archive Robot Schematics ------------------ Y-45 Defender | -7/Zion | Archive K-01 Serf | -7/Zion | Archive R-06 Scavenger | -7/Zion | Archive Fabricated ------------ Nothing Repaired ---------- Nothing Studied --------- None Alien Tech Used ----------------- None Achievements -------------- DATA ERROR: Steam Global Achievement% For Emergencies Only I Have A Map? Organ Harvest Spot Them First There's More Where That Came From Throw Away The Key Challenges ------------ None Game ------ Seed InterceptModifiedAmplifier Manual? 0 Play Time 01:49:51 Cumulative 66.4 hours Start 2026.03.16 @ 15:32:12 End 2026.03.17 @ 14:53:23 Sessions 5 Manual Loads 0 Difficulty Rogue Special Mode None Game No. 60 Rogue 15 Adventurer 45 Explorer 0 Win Type - Total 3 Types 2/0/0/1/0/0/0/0/0/0 Lore% 35 Gallery% 44 Achievement% 27 Wizard Run 0 Options --------- Layout 0 ASCII 0 Keyboard 1 Movement Numpad Keybinds 0 Fullscreen 1 Font 24/Smallcaps Map View 76x50 Zoom Use 0% Tactical HUD 1 Map Filters NONE Filters NONE Steam 1 RUN: 84724dd5-4521-4517-8f60-5dfae9b91144